 Dungeon Sprint DCSS version 0.29.1-15-g9cfb28693d (webtiles) character file.

Game seed: 8843716780565713015

74 Groucho the Trooper (level 4, -2/45 HPs)
             Began as a Naga Fighter on Mar 12, 2023.
             Was an Initiate of Cheibriados.
             Slain by a troll (13 damage)
             ... in the Dungeon (Sprint IX: "|||||||||||||||||||||||||||||").
             The game lasted 00:01:08 (563 turns).

Groucho the Trooper (Naga Fighter)                   Turns: 563, Time: 00:01:08

Health: -2/45      AC:  8    Str: 22    XL:     4   Next: 28%
Magic:  4/4        EV: 10    Int:  9    God:    Cheibriados [......]
Gold:   0          SH:  5    Dex: 14    Spells: 3/3 levels left

rFire   . . .      SeeInvis +   m - +1 broad axe (freeze)
rCold   . . .      Faith    .   c - +0 buckler
rNeg    . . .      Spirit   .   o - +1 scale mail
rPois   +          Reflect  .   (no helmet)
rElec   .          Harm     .   a - +0 cloak
rCorr   .          Rampage  .   n - +0 pair of gloves
Will    .....      NoTele   +   (no barding)
Stlth   ..........              (no amulet)
HPRegen 0.15/turn               b - +2 ring of evasion
MPRegen 0.09/turn               p - +3 ring of strength

@: invisible, very slow
A: AC +1, large, see invisible, deformed body, poison resistance, slowness 2,
spit poison 1, naga tail 1
a: Spit Poison, Renounce Religion


You were in the Dungeon.
You worshipped Cheibriados.
Cheibriados was noncommittal.
You visited 1 branch

Inventory:

Hand Weapons
 m - a +1 broad axe of freezing (weapon)
Armour
 a - a +0 cloak (worn)
 c - a +0 buckler (worn)
 n - a +0 pair of gloves (worn)
 o - a +1 scale mail (worn)
Jewellery
 b - a +2 ring of evasion (left hand)
 p - a +3 ring of strength (right hand)
Wands
 l - a wand of light (10)
Scrolls
 j - 2 scrolls of blinking
 k - 2 scrolls of amnesia
Potions
 d - a potion of might
 e - 5 potions of curing
 g - a potion of haste
 h - 4 potions of magic
 i - 2 potions of heal wounds


   Skills:
 + Level 4.6 Fighting
 + Level 4.0 Axes
 + Level 3.8 Armour
 + Level 2.6 Dodging
 + Level 4.2 Shields
 * Level 0.0 Invocations


You had 3 spell levels left.
You didn't know any spells.
Your spell library was empty.

Dungeon Overview and Level Annotations

Branches:
Dungeon (1/1)

Altars:
Cheibriados
Dithmenos
Elyvilon
Fedhas
Gozag
Hepliaklqana
Kikubaaqudgha
Makhleb
Nemelex Xobeh
Okawaru
Qazlal
Ru
Sif Muna
Trog
Uskayaw
Vehumet
Wu Jian
Xom
Yredelemnul
Zin
The Shining One
Jiyva
Lugonu


Innate Abilities, Weirdness & Mutations

Your serpentine skin is tough. (AC +1)
You have supernaturally acute eyesight. (SInv)
Armour fits poorly on your strangely shaped body.
Your system is resistant to poisons. (rPois)
You cover ground very slowly.
You can spit poison.
You have a snake-like lower body.


Message History

You finish putting on your +0 cloak.
You start putting on your armour.
You continue putting on your +0 pair of gloves. x4
You finish putting on your +0 pair of gloves.
You start removing your armour.
You continue taking off your +0 scale mail. x4
You finish taking off your +0 scale mail.
You start putting on your armour.
You continue putting on your +1 scale mail. x5
You finish putting on your +1 scale mail.
You drop a +0 scale mail.
b - a +2 ring of evasion
p - a +3 ring of strength
b - a +2 ring of evasion (left hand)
You feel stronger.
p - a +3 ring of strength (right hand) Unknown command.
You start resting.
HP restored.
You open the door.
A hornet, an orc wizard and 4 trolls come into view.
The orc wizard is wielding a +1 dagger of venom.
The troll shouts! x4
You fade into invisibility!
The troll bites you! The troll claws you!
The troll claws you but does no damage.
You slice the troll!! You freeze the troll.
The troll is heavily wounded.
The orc wizard gestures at you while chanting.
The puff of flame hits the troll!
You block the troll's attack. The troll barely misses you.
The troll completely misses you.
You barely miss the troll.
The troll is heavily wounded.
The troll shouts!
The troll bites you!
* * * LOW HITPOINT WARNING * * *
The troll closely misses you. The troll claws you.
* * * LOW HITPOINT WARNING * * *
The troll bites you!
You die... ▓▓▓▓▓▓▓▓▓▓▓▓▓▓▓▓▓▓▓▓▓▓▓▓ Ty.ToTT@.[...)..'_______ ▓▓▓▓▓▓▓▓▓▓▓▓▓▓▓▓▓▓▓▓▓▓▓▓

You could see 4 trolls, a hornet (unable to see you) and an orc wizard (unable to see you).

Vanquished Creatures
  A hound (D)
  An iguana (D)
  An adder (D)
  An orc (D)
  A ball python (D)
  A hobgoblin (D)
  A jackal (D)
  A quokka (D)
  A frilled lizard (D)
  A kobold (D)
10 creatures vanquished.

Notes
Turn   | Place    | Note
-------+----------+-------------------------------------------
     0 | D        | Groucho the Naga Fighter began the quest for the Orb.
     0 | D        | Reached XP level 1. HP: 21/21 MP: 1/1
    16 | D        | Reached skill level 1 in Dodging
   426 | D        | Noticed an iguana
   426 | D        | Noticed a hound
   436 | D        | Killed a hound
   437 | D        | Reached XP level 2. HP: 4/30 MP: 2/2
   437 | D        | Reached XP level 3. HP: 5/36 MP: 3/3
   455 | D        | Reached XP level 4. HP: 35/45 MP: 4/4
   459 | D        | Found a snail-covered altar of Cheibriados.
   459 | D        | Found a shadowy altar of Dithmenos.
   459 | D        | Found a white marble altar of Elyvilon.
   459 | D        | Found a blossoming altar of Fedhas.
   459 | D        | Found an opulent altar of Gozag.
   460 | D        | Found a hazy altar of Hepliaklqana.
   461 | D        | Found a viscous altar of Jiyva.
   462 | D        | Found an ancient bone altar of Kikubaaqudgha.
   463 | D        | Became a worshipper of Cheibriados the Contemplative
   464 | D        | Found a corrupted altar of Lugonu.
   465 | D        | Found a burning altar of Makhleb.
   466 | D        | Found a sparkling altar of Nemelex Xobeh.
   467 | D        | Found an iron altar of Okawaru.
   468 | D        | Found a stormy altar of Qazlal.
   469 | D        | Found a sacrificial altar of Ru.
   470 | D        | Found a shimmering blue altar of Sif Muna.
   471 | D        | Found a bloodstained altar of Trog.
   472 | D        | Found a hide-covered altar of Uskayaw.
   473 | D        | Found a radiant altar of Vehumet.
   474 | D        | Found an ornate altar of the Wu Jian Council.
   475 | D        | Found a shimmering altar of Xom.
   476 | D        | Found a basalt altar of Yredelemnul.
   477 | D        | Found a glowing silver altar of Zin.
   478 | D        | Found a glowing golden altar of the Shining One.
   560 | D        | Noticed a troll
   560 | D        | Noticed a hornet
   560 | D        | Noticed a troll
   560 | D        | Noticed a troll
   560 | D        | Noticed a troll
   563 | D        | Slain by a troll

Illustrated notes

Levels and vault maps discovered:
D:        linesprint [early_d, line_temple, items_1, d_10, items_2, lair_1,
          lair_end, items_3, orc_1, orc_end, items_4, d_15, swamp_1, shoals_1,
          snake_1, spider_1, d_20, vaults_1, items_5, swamp_end, shoals_end,
          snake_end, spider_end, vaults_end, d_27, items_6, zot_1, zot_end,
          crypt_end, forest_end, elf_end, slime_end, tomb_end, abyss_end,
          pan_hell_end]

Skill      XL: |  1  2  3 |
---------------+----------+-----
Shields        | 3 4 |  4.2
Dodging        | 2 |  2.6
Fighting       | 4 |  4.6
Axes           | 3 4 |  4.0
Armour         | 3 |  3.8

Action                   |  1- 3 |  4- 6 || total
-------------------------+-------+-------++-------
Melee: War axe           |    36 |       ||    36
       Broad axe         |       |     2 ||     2
  Use: Potion            |     2 |     1 ||     3
Armor: Scale mail        |    13 |     1 ||    14
Dodge: Dodged            |    14 |     3 ||    17
Block: Buckler           |     5 |     1 ||     6
